 Dungeon Crawl Stone Soup version 0.13-a0-2450-ga447c6a (webtiles) character file.

92 Bloax the Charmwright (level 2, -1/16 HPs)
             Began as a Gargoyle Skald on July 17, 2013.
             Slain by a jackal (2 damage)
             ... on Level 1 of the Dungeon.
             The game lasted 00:01:45 (851 turns).

Bloax the Charmwright (Gargoyle Skald)               Turns: 851, Time: 00:01:45

HP  -1/16        AC  9     Str 15      XL: 2   Next: 41%
MP   4/5         EV 10     Int 12      God:
Gold 78          SH  0     Dex  9      Spells:  1 memorised,  4 levels left

Res.Fire  : . . .   See Invis. : .     - Unarmed
Res.Cold  : . . .   Warding    : .   b - +0 leather armour
Life Prot.: + . .   Conserve   : .   (no shield)
Res.Poison: +       Res.Corr.  : .   (no helmet)
Res.Elec. : +       Clarity    : .   h - +0 cloak
Sust.Abil.: . .     Spirit.Shd : .   (no gloves)
Res.Mut.  : .       Stasis     : .   (no boots)
Res.Rott. : +       Flight     : .   (no amulet)
Saprovore : . . .                    (no ring)
                                     (no ring)

@: not resistant to hostile enchantments, very unstealthy
A: fangs 1, talons 2, life protection 1, electricity resistance, slow metabolism
1, unbreathing, petrification resistance, AC +5
a: no special abilities


You were on level 1 of the Dungeon.
You were not hungry.

You visited 1 branch of the dungeon, and saw 2 of its levels.

You collected 58 gold pieces.


Innate Abilities, Weirdness & Mutations

You are resistant to torment.
You are immune to poison.
Your stone body is very resilient (AC +5).
You have very sharp teeth.
You have razor-sharp toenails.
You resist negative energy.
You are resistant to electric shocks.
You have a slow metabolism.
You can survive without breathing.
You are immune to petrification.


   Skills:
 + Level 2.3 Fighting
   Level 1.7 Short Blades
 - Level 1.1 Armour
 + Level 0.8 Dodging
 * Level 1.6 Unarmed Combat
 - Level 2.0 Spellcasting
 + Level 2.8 Charms


You had 4 spell levels left.
You knew the following spells:

 Your Spells              Type           Power        Failure   Level  Hunger
a - Infusion              Chrm           #.....       12%         1    ##.....


Dungeon Overview and Level Annotations

Branches:
Dungeon (2/27)

Altars:

Annotations
D:2 Ijyb

Inventory:

Armour
 b - a +0 leather armour (worn)
 h - a +0 cloak (worn)
   (You found it on level 1 of the Dungeon)
Comestibles
 a - a choko
 d - 2 bread rations
Scrolls
 f - a scroll of identify {unknown}
 g - a scroll of teleportation {unknown}
Potions
 i - a potion of heal wounds {unknown}
Books
 c - a book of Battle

   Spells                             Type                      Level
   *Infusion                          Charms                       1
   Shroud of Golubria                 Charms/Translocation         2
   Song of Slaying                    Charms                       2
   Spectral Weapon                    Hexes/Charms                 3
   Regeneration                       Charms/Necromancy            3
   Song of Shielding                  Charms                       4

######...###....## #..
................# #.#
.#####...####...# ##.# .#
##.## #...##############.#.
.# #.# #........>........###
.#
#.#####..###############.#.
.# #........# ##########.#
.# #.#####.#### #......# ###
.# #.##......@### #.####.#
.# #.##.#####.h.# #.# #.# .#
#.##.# #.#.###.# #.# ##
#.##.# #.......# ##.# #.##.#
#.#%##### #..#
#.##.#####.#.### #.##
#.##...........# #.#
#######.###......#.#.#####.#
..(....#)...###............#


You could see a jackal.


Message History

Ijyb is lightly wounded.
Ijyb hits you but does no damage.
You barely miss Ijyb.
Ijyb is lightly wounded.
Ijyb hits you with a club.
* * * LOW HITPOINT WARNING * * *
You hit Ijyb but do no damage.
Ijyb is lightly wounded.
Ijyb hits you but does no damage. Ijyb barely misses you.
You closely miss Ijyb.
Ijyb is lightly wounded.
Ijyb hits you but does no damage.
Drink which item? (? for menu, Esc to quit)
You feel better.
It was a potion of curing.
Ijyb hits you but does no damage.
You hit Ijyb.
Ijyb is lightly wounded.
Ijyb hits you but does no damage. Ijyb completely misses you.
You closely miss Ijyb. You bite Ijyb, but do no damage.
Ijyb is lightly wounded.
Ijyb hits you but does no damage.
You hit Ijyb but do no damage. You claw Ijyb, but do no damage. You bite Ijyb.
Ijyb is lightly wounded.
Ijyb barely misses you.
You hit Ijyb but do no damage.
Ijyb is lightly wounded.
You are feeling less magically infused.
Ijyb hits you with a club.
You closely miss Ijyb.
Ijyb is lightly wounded.
Ijyb hits you with a club.
* * * LOW HITPOINT WARNING * * *
Here: Ijyb, wielding a club and wearing an orcish ring mail (lightly wounded, moving very quickly)
The floor.
Ijyb hits you but does no damage. Ijyb barely misses you.
Your attacks are no longer magically infused.
Ijyb hits you but does no damage.
You see here an orcish club.
Ijyb picks up an orcish club.
Ijyb is no longer moving quickly.
Ijyb throws an orcish club.
The orcish club hits you!
* * * LOW HITPOINT WARNING * * *
You see here an orcish club.
There is a stone staircase leading up here.
Unknown command. 2 jackals come into view.
The jackal barks!
Found 2 javelins and a yellow potion.
A jackal comes into view.
There is a stone staircase leading up here.
There is a stone staircase leading up here.
You see here an orcish club.
Ijyb throws an orcish club.
The orcish club hits you!
* * * LOW HITPOINT WARNING * * *
You see here an orcish club.
A rat comes into view.
The jackal closely misses you. The jackal bites you.
* * * LOW HITPOINT WARNING * * *
The jackal misses you.
There is a stone staircase leading up here.
Unknown command.
The jackal bites you but does no damage.
You climb upwards.
There is a stone staircase leading down here.
Unknown command.
Casting: Infusion Your attacks are magically infused.
The jackal bites you.
* * * LOW HITPOINT WARNING * * *
The jackal bites you.
You die...

Action                   || total
-------------------------++-------
Melee: Short sword       ||    16
       Unarmed           ||    45
 Cast: Infusion          ||     6
  Use: Potion            ||     1

Vault maps used:
D:1:      sevenhm_entry_forest_fort_large_4
D:2:      minivault_19, uniq_iyjb, uniq_jessica

Notes
Turn   | Place    | Note
--------------------------------------------------------------
     0 | D:1      | Bloax, the Gargoyle Skald, began the quest for the Orb.
     0 | D:1      | Reached XP level 1. HP: 12/12 MP: 3/3
   158 | D:1      | Reached skill level 1 in Unarmed Combat
   250 | D:1      | Reached XP level 2. HP: 16/16 MP: 1/5
   782 | D:2      | Noticed Ijyb
   847 | D:2      | HP: 4/16 [jackal (2)]
   851 | D:1      | HP: 1/16 [jackal (3)]
   851 | D:1      | Slain by a jackal

Vanquished Creatures
  2 bats (D:1)
  3 hobgoblins
  A kobold (D:1)
  3 goblins (D:1)
  3 rats (D:1)
12 creatures vanquished.
